 Dungeon Crawl Stone Soup version 0.23.1 (webtiles) character file.

Game seed: 10316271399212228560

33 Borgoz the Sneak (level 3, 0/24 (27) HPs)
             Began as a Ghoul Enchanter on Mar 3, 2019.
             Slain by a jackal (1 damage)
             ... on level 1 of the Dungeon.
             The game lasted 00:01:13 (905 turns).

Borgoz the Sneak (Ghoul Enchanter)                   Turns: 905, Time: 00:01:14

HP:   0/24 (27)     AC:  2    Str: 11    XL:     3   Next: 29%
MP:   4/4           EV: 12    Int: 10    God:
Gold: 15            SH:  0    Dex: 10    Spells: 4/5 levels left

rFire    . . .     SeeInvis .   a - +1 dagger
rCold    + . .     Gourm    .   (no shield)
rNeg     + + +     Faith    .   b - +0 robe
rPois    ∞         Spirit   .   (no helmet)
rElec    .         Reflect  .   (no cloak)
rCorr    .         Harm     .   (no gloves)
MR       .....                  (no boots)
Stlth    ++........             (no amulet)
HPRegen  0.00/turn              (no ring)
MPRegen  0.09/turn              (no ring)

@: rotting
A: rotting body, claws 1, carnivore, cold resistance 1, negative energy
resistance 3, inhibited regeneration, torment resistance, unbreathing
a: no special abilities


You were on level 1 of the Dungeon.
You were not hungry.

You visited 1 branch of the dungeon, and saw 2 of its levels.

You collected 15 gold pieces.

Inventory:

Hand Weapons
 a - a +1 dagger (weapon)
Armour
 b - a +0 robe (worn)
Scrolls
 c - a scroll of random uselessness {unknown}
 e - a scroll of blinking {unknown}
Comestibles
 d - a ration


   Skills:
 + Level 0.9 Fighting
 * Level 1.7 Short Blades
 + Level 0.9 Armour
 * Level 2.3 Dodging
 - Level 3.2 Stealth
 - Level 1.7 Spellcasting
 - Level 2.4 Hexes


You had 4 spell levels left.
You knew the following spells:

 Your Spells              Type           Power        Failure   Level  Hunger
a - Corona                Hex            #......      12%         1    ##.....

Your spell library contained the following spells:

 Spells                   Type           Power        Failure   Level  Hunger
 Ensorcelled Hibernation  Hex/Ice        #.....       30%         2    ###....
 Confuse                  Hex            #.......     34%         3    ####...
 Tukima's Dance           Hex            #.......     34%         3    ####...
 Dazzling Spray           Conj/Hex       #.....       52%         3    ####...


Dungeon Overview and Level Annotations

Branches:
Dungeon (2/15)

Altars:


Innate Abilities, Weirdness & Mutations

Your body is rotting away.
You thrive on raw meat.
You are immune to poison.
You have sharp fingernails.
You are carnivorous and can eat meat at any time.
Your flesh is cold resistant. (rC+)
You are immune to negative energy. (rN+++)
You do not regenerate when monsters are visible.
You are immune to unholy pain and torment.
You can survive without breathing.


Message History

The kobold closely misses you. The jackal misses you.
The jackal bites you but does no damage.
You hit the jackal.
The jackal is heavily wounded.
The kobold hits you.
* * * LOW HITPOINT WARNING * * *
The jackal closely misses you.
The jackal bites you but does no damage.
You hit the jackal but do no damage.
The jackal is heavily wounded.
The jackal misses you. The jackal closely misses you. The kobold hits you.
* * * LOW HITPOINT WARNING * * *
You aren't carrying any potions.
Okay, then.
You hit the jackal.
You kill the jackal!
The jackal bites you but does no damage.
The kobold closely misses you. The jackal barely misses you.
The jackal bites you.
You die...

##..##.#####.###.# #.#
#.# ............### #.#
#.# #.#
.....##.###.#####.# #.#
#.#
####.##.##........##
#.# #.#
#.......#...[.... ..#
#.# .....##....######
.# #.. ########.#.# #.#
#.#.########. #.#
#...(@..).... #.#
##.Kh###############.#
#..r########.........
..............######..
#
#.###..............###.
. #. #.############.#
#. . # #.# #.# #. . ..#
#.# #. . #.# #.


You could see a jackal, a kobold and a rat.

Vanquished Creatures
  A gnoll (D:1)
  2 leopard geckos (D:1)
  2 goblins (D:1)
  5 hobgoblins (D:1)
  3 jackals (D:1)
  A ball python (D:1)
  2 bats (D:1)
  3 frilled lizards (D:1)
  A kobold (D:1)
20 creatures vanquished.

Notes
Turn   | Place    | Note
-------+----------+-------------------------------------------
     0 | D:1      | Borgoz the Ghoul Enchanter began the quest for the Orb.
     0 | D:1      | Reached XP level 1. HP: 14/14 MP: 2/2
    21 | D:1      | Reached skill level 1 in Short Blades
    77 | D:1      | Reached XP level 2. HP: 19/21 MP: 3/3
   510 | D:1      | Reached XP level 3. HP: 11/27 MP: 4/4
   903 | D:1      | HP: 1/24 [kobold (2)]
   905 | D:1      | Slain by a jackal

Skill      XL: |  1 |
---------------+----+-----
Short Blades   | 1 |  1.7
Dodging        | 2 |  2.3
Fighting       | |  0.9
Armour         | |  0.9
Stealth        | |  3.2
Spellcasting   | |  1.7
Hexes          | |  2.4

Action                   || total
-------------------------++-------
Melee: Dagger            ||    84
 Stab: Sleeping          ||     1
  Eat: Chunk             ||     4
Armor: Robe              ||    19
Dodge: Dodged            ||    70
